 Seeded DCSS version 0.30.1-11-g7821555f0a (webtiles) character file.

Game seed: 6351066067085065685 (custom seed)

278165 Esekla the Sorcerer (level 19, -14/116 HPs)
             Began as a Deep Elf Wanderer on Nov 27, 2023.
             Was the Champion of Vehumet.
             Demolished by a vampire knight
             ... wielding a +0 battleaxe
              (25 damage)
             ... while paralysed by a vampire knight
             ... on level 1 of the Crypt on Nov 28, 2023.
             The game lasted 05:48:26 (33287 turns).

Esekla the Sorcerer (Deep Elf Wanderer)            Turns: 33287, Time: 05:48:27

Health: -14/116    AC: 21    Str:  9    XL:     19   Next: 62%
Magic:  37/51      EV:  2    Int: 33    God:    Vehumet [******]
Gold:   1164       SH:  0    Dex: 11    Spells: 5/70 levels left

rFire   + . .        a - +9 long sword (protect)
rCold   . . .        d - +0 buckler
rNeg    + . .        R - +1 ring mail "Uronn" {rF+ Regen+ Int+3}
rPois   +            M - +2 helmet {Int+3}
rElec   +            e - +1 cloak {Stlth+}
rCorr   .            k - +0 pair of gloves
SInv    .            L - +2 pair of boots {rampage}
Will    +....        z - amulet of magic regeneration
Stlth   +++          H - ring of Greed {rElec rPois rN+ AC+4 Str-2}
HPRegen 1.19/turn    N - ring of the Mage {Wiz Archmagi}
MPRegen 0.72/turn

%: rampage, wizardry (x1), archmagi
@: paralysed, wereblooded
A: no striking features
}: 2/15 runes: barnacled, gossamer
a: Renounce Religion


You were on level 1 of the Crypt.
You worshipped Vehumet.
Vehumet was exalted by your worship.
You visited 8 branches of the dungeon, and saw 33 of its levels.
You visited 1 bazaar.
You also visited: Trove and Bailey.

You collected 6878 gold pieces.
You spent 5714 gold pieces at shops.

Inventory:

Hand Weapons
 a - a +9 long sword of protection (weapon)
 f - a +4 scimitar of flaming
 r - a +4 trident of venom
 s - the +8 arc blade {discharge, rElec}
   (You bought it in a shop on level 4 of the Dungeon)

   rElec:     It insulates you from electricity.
 x - the +8 Vampire's Tooth {megavamp}
   (You bought it in a shop in a bazaar)
Missiles
 b - 8 silver javelins
 l - 28 boomerangs (quivered)
 K - 6 curare-tipped darts
 O - 82 poisoned darts
Armour
 d - a +0 buckler (worn)
 e - a +1 cloak of stealth (worn)
 k - a +0 pair of gloves (worn)
 n - a +2 cloak
 v - the +1 animal skin "Kougi" {rPois rF++ MP+9}
   (You found it on level 2 of the Shoals)

   rF:        It greatly protects you from fire.
   rPois:     It protects you from poison.
   MP:        It affects your magic capacity (+9).
 L - a +2 pair of boots of rampaging (worn)
 M - a +2 helmet of intelligence (worn)
 R - the +1 ring mail "Uronn" (worn) {rF+ Regen+ Int+3}
   (You found it on level 4 of the Shoals)

   Int:       It affects your intelligence (+3).
   rF:        It protects you from fire.
   Regen:     It increases your rate of health regeneration.
 Y - a +2 robe of cold resistance
Jewellery
 m - a ring of see invisible
 z - an amulet of magic regeneration (around neck)
 H - the ring of Greed (left hand) {rElec rPois rN+ AC+4 Str-2}
   (You bought it in a shop on level 2 of the Dungeon)

   [ring of protection]

   AC:        It affects your AC (+4).
   Str:       It affects your strength (-2).
   rElec:     It insulates you from electricity.
   rPois:     It protects you from poison.
   rN:        It protects you from negative energy.
 N - the ring of the Mage (right hand) {Wiz Archmagi}
   (You bought it in a shop on level 2 of the Dungeon)

   [ring of wizardry]

   It improves your spell success rate.
   Archmagi:  It increases the power of your magical spells.
 S - an amulet of reflection
 T - the ring "Pileq" {Ice Str+4 Dex+3 Slay+2}
   (You found it on level 4 of the Shoals)

   [ring of ice]

   It enhances your ice magic.
   Str:       It affects your strength (+4).
   Dex:       It affects your dexterity (+3).
   Slay:      It affects your accuracy & damage with ranged weapons and melee
   (+2).
   rF:        It makes you vulnerable to fire.
   rC:        It protects you from cold.
 V - the ring of Akemeir {Fire Str+4}
   (You found it in a treasure trove)

   [ring of fire]

   It enhances your fire magic.
   Str:       It affects your strength (+4).
   rF:        It protects you from fire.
   rC:        It makes you vulnerable to cold.
 X - the ring of Descent {rPois rC+ Int+5 Stlth-}
   (You found it in a treasure trove)

   [ring of protection from cold]

   Int:       It affects your intelligence (+5).
   rC:        It protects you from cold.
   rPois:     It protects you from poison.
   Stlth:     It makes you less stealthy.
Wands
 i - a wand of roots (29)
 B - a wand of flame (31)
 D - a wand of quicksilver (16)
 F - a wand of mindburst (7)
 Q - a wand of digging (16)
Scrolls
 g - 3 scrolls of silence
 o - 4 scrolls of amnesia
 p - 2 scrolls of identify
 q - 2 scrolls of blinking
 u - 5 scrolls of fog
 y - 3 scrolls of magic mapping
 A - 6 scrolls of fear
 C - 11 scrolls of teleportation
 E - 3 scrolls of poison
Potions
 h - 4 potions of heal wounds
 j - 9 potions of curing
 t - 6 potions of brilliance
 w - 9 potions of attraction
 G - 11 potions of haste
 I - 4 potions of cancellation
 J - 6 potions of ambrosia
 P - 5 potions of flight
 U - 5 potions of magic
 W - 4 potions of might
 Z - 3 potions of resistance
Miscellaneous
 c - a lightning rod (4/4)


   Skills:
 * Level 12.2 Fighting
 + Level 3.7(4.1) Short Blades
 + Level 2.0(3.0) Long Blades
 + Level 2.4 Throwing
 - Level 7.0 Armour
 * Level 14.3 Dodging
 + Level 4.6 Stealth
 + Level 3.9 Shields
 * Level 26.3 Spellcasting
 + Level 5.9 Conjurations
 + Level 4.1 Hexes
 + Level 11.9 Necromancy
 + Level 6.7 Translocations
 + Level 6.5 Transmutations
 + Level 8.8 Fire Magic
 + Level 8.6 Ice Magic
 * Level 10.2 Air Magic
 * Level 10.1 Earth Magic
 - Level 7.2 Poison Magic
 + Level 1.0 Invocations
 + Level 0.6 Evocations


You had 5 spell levels left.
You knew the following spells:

 Your Spells              Type           Power      Damage    Failure   Level
a - Magic Dart            Conj           100%       1d8       1%          1
b - Blink                 Tloc           100%       N/A       1%          2
c - Mephitic Cloud        Conj/Pois/Air  97%        N/A       1%          3
d - Vampiric Draining     Necr           100%       2d13      1%          3
e - Orb of Destruction    Conj           44%        9d12      16%         7
f - Fireball              Conj/Fire      47%        3d19      1%          5
i - Irradiate             Conj/Tmut      45%        3d26      1%          5
k - Airstrike             Air            52%        2d(8-24)  1%          4
l - Lee's Rapid Deconstr  Erth           52%        3d25*     1%          5
n - Ignite Poison         Fire/Tmut/Pois 96%        N/A       1%          3
o - Scorch                Fire           100%       2d9       1%          2
p - Apportation           Tloc           100%       N/A       1%          1
r - Frozen Ramparts       Ice            100%       1d16      1%          3
u - Dispel Undead         Necr           100%       3d31      1%          4
v - Poisonous Vapours     Pois/Air       100%       N/A       1%          2
w - Wereblood             Tmut           92%        N/A       1%          2
x - Olgreb's Toxic Radia  Pois           95%        N/A       1%          4
y - Sticky Flame          Conj/Fire      95%        2d10      1%          4
z - Freezing Cloud        Conj/Ice/Air   49%        6-21      1%          5

Your spell library contained the following spells:

 Spells                   Type           Power      Damage    Failure   Level
 Shatter                  Erth           52%        3d40*     90%         9
 Polar Vortex             Ice            50%        N/A       98%         9
 Chain Lightning          Conj/Air       49%        3d65      99%         9
 Necrotise                Necr           100%       1d9       0%          1
 Sublimation of Blood     Necr           100%       N/A       0%          2
 Foxfire                  Conj/Fire      100%       2x1d9     1%          1
 Sandblast                Erth           100%       2d20      1%          1
 Shock                    Conj/Air       100%       1d9       1%          1
 Sting                    Tmut/Pois      100%       1d8       1%          1
 Call Imp                 Summ           100%       N/A       1%          2
 Cigotuvi's Dreadful Rot  Necr/Pois/Air  100%       N/A       1%          2
 Lesser Beckoning         Tloc           100%       N/A       1%          2
 Passwall                 Tmut/Erth      82%        N/A       1%          2
 Gell's Gravitas          Tloc           93%        N/A       1%          3
 Hailstorm                Conj/Ice       95%        3d19      1%          3
 Inner Flame              Hex/Fire       92%        N/A       1%          3
 Portal Projectile        Hex/Tloc       100%       N/A       1%          3
 Spider Form              Tmut/Pois      93%        N/A       1%          3
 Stone Arrow              Conj/Erth      100%       3d13      1%          3
 Swiftness                Air            100%       N/A       1%          3
 Teleport Other           Tloc           93%        N/A       1%          3
 Vhi's Electric Charge    Tloc/Air       100%       N/A       1%          3
 Anguish                  Hex/Necr       49%        N/A       1%          4
 Cause Fear               Hex            41%        N/A       1%          4
 Fulminant Prism          Conj/Hex       43%        3d19      1%          4
 Ice Form                 Ice/Tmut       96%        N/A       1%          4
 Manifold Assault         Tloc           93%        N/A       1%          4
 Passage of Golubria      Tloc           93%        N/A       1%          4
 Summon Ice Beast         Ice/Summ       82%        N/A       1%          4
 Agony                    Necr           100%       N/A       1%          5
 Alistair's Intoxication  Tmut/Pois      62%        N/A       1%          5
 Arcjolt                  Conj/Air       49%        1d59      1%          5
 Silence                  Hex/Air        47%        N/A       1%          5
 Yara's Violent Unravell  Hex/Tmut       43%        3d17      1%          5
 Summon Mana Viper        Hex/Summ       71%        N/A       9%          5
 Death Channel            Necr           55%        N/A       1%          6
 Plasma Beam              Fire/Air       51%        2x1d72    1%          6
 Starburst                Conj/Fire      47%        6d13      1%          6
 Statue Form              Tmut/Erth      66%        N/A       4%          6
 Dispersal                Tloc           46%        N/A       8%          6
 Maxwell's Capacitive Co  Air            52%        ∞         19%         8
 Ignition                 Fire           50%        3d14      30%         8
 Dragon Form              Tmut           46%        N/A       38%         7
 Lehudib's Crystal Spear  Conj/Erth      49%        10d12     41%         8
 Enfeeble                 Hex            41%        N/A       71%         7
 Disjunction              Tloc           46%        N/A       95%         8
 Summon Hydra             Summ           30%        N/A       99%         7


Dungeon Overview and Level Annotations

Branches:
Dungeon (13/15)            Temple (0/1) D:6            Lair (5/5) D:11
 Shoals (4/4) Lair:2       Spider (4/4) Lair:3        Slime (0/5) Lair:5
    Orc (2/2) D:10            Elf (1/3) Orc:2        Vaults (3/5) D:13
  Crypt (1/3) Vaults:2     Bailey (visited)

Altars:
Dithmenos
Fedhas
Hepliaklqana
Nemelex Xobeh
Okawaru
Qazlal
Ru
Trog
Uskayaw
Vehumet
Zin
The Shining One
Jiyva

Shops:
D:2 =   D:4 (   D:11 *   Orc:2 **[:   Shoals:2 (   Shoals:3 !   Vaults:1 [

Portals:
Pandemonium: Orc:2


Message History

Aiming: Apportation (safe; 1% risk of failure)
Press: ? - help, Dir - move target Apport: a potion of curing You feel a surge of power!
Yoink!
You pull the item towards yourself.
You howl as the wereblood boils in your veins!
j - 9 potions of curing (gained 1)
Okay, then.
Okay, then.
You hear a shout!
A vampire knight comes into view. It is wielding a +0 battleaxe.
The vampire knight shouts!
The vampire knight points at you and mumbles some strange words.
The vampire knight blinks!
You hear some strange, mumbled words.
You hit something.
Your weapon exudes an aura of protection.
Something hits you!
* * * LOW HITPOINT WARNING * * *
Something bites you but does no damage. Something barely misses you. x2
Casting: Apportation (safe; 1% risk of failure)
Confirm with . or Enter, or press ? or * to list all spells.
You feel a surge of power!
You blink. 2 phantasmal warriors come into view.
The vampire knight casts a spell at you.
The vampire knight blinks!
Casting: Blink (safe; 1% risk of failure)
Confirm with . or Enter, or press ? or * to list all spells.
You feel a surge of power!
You blink.
You howl as the wereblood boils in your veins!
The vampire knight gestures at you while chanting.
You suddenly lose the ability to move!
Something hits you!
* * * LOW HITPOINT WARNING * * *
Something bites you but does no damage.
A vampire knight appears from thin air!
Reactivating autopickup.
The vampire knight hits you but does no damage.
The vampire knight bites you but does no damage.
The vampire knight hits you with a +0 battleaxe!!
You die...

###...## ..# # #.#.# ..# # #
#.#.# #.# .# # #.#.#
#########.##..## # #.#<#
#.....W.W..W..V. ###.#)#
###.V.###.##.# ....).###
##...#........# ......#.#
#####.z#####....###
......#.#####...@V.# #)....#
.#.........#....##Z#####..####
.########............z).###
..####.........###.######
#......###.....# ### ########
#....## #....# #....# #....#


You could see 2 vampire knights, a skeletal warrior, a phantasmal warrior and an
ogre skeleton.

Vanquished Creatures
  Mara (Spider:4)
  Rupert (Lair:4)
  2 ancient champions (Crypt:1)
  2 krakens
  4 sphinxes
  Ilsuiw (Shoals:3)
  8 emperor scorpions
  A ghoul (Crypt:1)
  A deep elf sorcerer (Elf:1)
  4 ghost moths
  3 vault wardens
  3 orc warlords
  6 ironbound thunderhulks
  6 ironbound preservers
  11 very ugly things
  A broodmother (Spider:3)
  4 war gargoyles (Vaults:2)
  2 vampire knights
  A deep elf demonologist (Elf:1)
  Azrael (Orc:2)
  6 dire elephants
  2 deep elf annihilators (Elf:1)
  A minotaur (Shoals:4)
  2 eidola (Vaults:2)
  2 spark wasps
  5 entropy weavers
  A deep elf death mage (Elf:1)
  3 merfolk javelineers (Shoals:3)
  4 merfolk impalers
  3 great orbs of eyes
  4 fire dragons
  A yaktaur captain (Vaults:1)
  A deep elf high priest (Elf:1)
  2 peacekeepers (Vaults:2)
  Harold (D:9)
  4 vault guards (D:13)
  8 ironbound frosthearts
  A demonspawn (Orc:2)
  4 merfolk aquamancers
  3 hydras
  3 radroaches
  16 satyrs
  4 centaur warriors
  A catoblepas (Lair:5)
  3 jorogumos
  An alligator snapping turtle (Shoals:3)
  4 merfolk avatars
  4 boulder beetles
  4 dancing weapons (Elf:1)
  4 two-headed ogres
  2 vampire magi
  2 orc high priests (Orc:2)
  A soul eater (Crypt:1)
  2 pharaoh ants
  8 skeletal warriors
  A sun moth (Spider:1)
  Lodul (D:11)
  12 sea snakes
  4 skysharks
  10 orb spiders
  A deep elf archer (Elf:1)
  A glowing orange brain (Vaults:2)
  A bog body (Crypt:1)
  Pikel (D:7)
  A swamp dragon (Lair:5)
  7 wizards
  14 deep trolls
  9 ironbound convokers
  3 steelbarb worms
  5 lindwurms
  29 harpies
  A phantasmal warrior (Crypt:1)
  An oklob plant (Lair:5)
  7 deep elf zephyrmancers (Elf:1)
  22 ugly things
  11 orc knights
  8 wolf spiders
  9 deep elf pyromancers
  9 cyclopes
  10 orc sorcerers
  9 elephants (Lair:5)
  3 moths of wrath
  Joseph (D:7)
  24 manticores
  24 fauns
  6 merfolk sirens
  2 black mambas
  A black mamba (shapeshifter) (D:13)
  7 water nymphs
  7 torpor snails
  A smoke demon (Orc:2)
  14 vault sentinels
  2 gargoyles
  3 demonic crawlers
  11 cane toads
  Psyche (D:11)
  3 rime drakes
  16 komodo dragons
  An unseen horror (D:13)
  A freezing wraith (Vaults:2)
  3 kobold demonologists
  A tengu conjurer (D:13)
  12 yaktaurs
  A red devil (Orc:2)
  28 merfolk
  A polar bear (D:11)
  7 trolls
  3 tyrant leeches (Lair:5)
  9 tarantellas
  12 hornets
  3 wind drakes
  A harpy skeleton (Crypt:1)
  5 blink frogs (Lair:1)
  15 slime creatures
  11 jumping spiders
  5 flying skulls (Crypt:1)
  8 snapping turtles
  4 centaur simulacra (D:11)
  12 spriggans (Lair:3)
  An air elemental (Elf:1)
  2 vampires
  7 culicivoras
  5 water elementals
  3 wraiths
  A hog (shapeshifter) (Elf:1)
  5 basilisks
  A chaos spawn (Orc:2)
  33 yaks
  3 fire elementals (Orc:2)
  3 steam dragons
  5 wyverns
  A vampire mosquito (D:13)
  29 redbacks
  Menkaure (D:7)
  3 wargs
  3 acid dragons
  6 ice beasts
  14 water moccasins
  4 hell hounds (Orc:2)
  2 swamp drakes (Lair:5)
  A sky beast (D:6)
  43 orc warriors
  2 black bears
  3 boggarts (Lair:3)
  18 ogres
  2 centaurs
  12 wolves
  A phantom (D:7)
  3 lemures
  Blork the orc (D:6)
  6 kobold brigands
  4 gnoll sergeants
  3 necrophages (Crypt:1)
  10 bullfrogs
  3 scorpions
  10 wights
  21 killer bees
  2 howler monkeys (D:10)
  An electric eel (D:11)
  2 quasits (D:8)
  3 gnoll boudas
  6 hounds
  A jelly (D:6)
  Crazy Yiuf (D:7)
  32 orc priests
  7 iguanas
  A sleepcap (D:5)
  12 hell rats
  14 orc wizards
  An acid dragon zombie (Crypt:1)
  34 gnolls
  9 adders
  3 shadow imps (D:8)
  9 white imps
  3 ufetubi
  An iguana skeleton (Crypt:1)
  A worm (D:4)
  3 dart slugs
  95 orcs
  4 endoplasms
  9 goblins
  7 hobgoblins
  A quokka (D:1)
  3 training dummies (Shoals:2)
  6 ball pythons
  4 bats
  4 frilled lizards
  24 kobolds
  A rat (D:2)
  A butterfly (Lair:4)
1216 creatures vanquished.

Vanquished Creatures (others)
  An orc high priest (Orc:2)
  An ufetubus (D:8)
  4 fulminant prisms (D:11)
  4 tentacles (Shoals:4)
10 creatures vanquished.

Grand Total: 1226 creatures vanquished

Notes
Turn   | Place    | Note
-------+----------+-------------------------------------------
     0 | D:1      | Esekla the Deep Elf Wanderer began the quest for the Orb.
     0 | D:1      | Esekla set off with the following items: a +0 club, a
                  | potion of lignification, a +0 robe, a +0 buckler; and the
                  | following spells available to memorise: Apportation, Blink,
                  | Lesser Beckoning, Magic Dart, Ignite Poison, Vampiric
                  | Draining.
     0 | D:1      | Reached XP level 1. HP: 10/10 MP: 7/7
     2 | D:1      | Learned a level 1 spell: Magic Dart
     4 | D:1      | Learned a level 1 spell: Apportation
   260 | D:2      | Found Renulab's Jewellery Shop.
   502 | D:4      | Found a radiant altar of Vehumet.
   513 | D:4      | Found an iron altar of Okawaru.
   524 | D:4      | Found a glowing silver altar of Zin.
   611 | D:4      | Became a worshipper of Vehumet
   764 | D:3      | Reached XP level 2. HP: 7/15 MP: 9/9
   793 | D:3      | Reached skill level 5 in Spellcasting
  1025 | D:3      | Identified the +5 rapier of the Hero {heavy, rN+ Dex+3}
  1161 | D:1      | Learned a level 2 spell: Blink
  1223 | D:1      | Reached skill level 1 in Necromancy
  1223 | D:1      | Reached XP level 3. HP: 17/19 MP: 5/11
  1227 | D:1      | Learned a level 3 spell: Ignite Poison
  1231 | D:1      | Learned a level 3 spell: Vampiric Draining
  1331 | D:1      | Reached skill level 1 in Dodging
  1426 | D:1      | Reached * piety under Vehumet
  1426 | D:1      | Offered knowledge of Shock by Vehumet.
  1590 | D:2      | Reached XP level 4. HP: 24/24 MP: 11/13
  1740 | D:2      | Found a faded altar of an unknown god.
  1786 | D:2      | Noticed a black bear
  2189 | D:3      | Found a hazy altar of Hepliaklqana.
  2191 | D:3      | Found a bloodstained altar of Trog.
  2192 | D:3      | Found a stormy altar of Qazlal.
  2201 | D:3      | Reached skill level 6 in Spellcasting
  2201 | D:3      | Reached skill level 1 in Conjurations
  2210 | D:3      | Reached XP level 5. HP: 27/28 MP: 10/15
  2340 | D:4      | Found Ponaysk's Antique Weapon Boutique.
  2486 | D:5      | Entered Level 5 of the Dungeon
  2489 | D:5      | Got the Parchment of the Lumpy Olives
  2517 | D:5      | Found a shadowy altar of Dithmenos.
  2634 | D:5      | Reached skill level 7 in Spellcasting
  2634 | D:5      | Reached XP level 6. HP: 32/32 MP: 18/18
  2930 | D:5      | Reached skill level 1 in Short Blades
  3180 | D:5      | Reached skill level 8 in Spellcasting
  3180 | D:5      | Reached XP level 7. HP: 36/36 MP: 13/20
  3212 | D:6      | Noticed Blork the orc
  3569 | D:6      | Found a staircase to the Ecumenical Temple.
  3779 | D:6      | Reached skill level 9 in Spellcasting
  3807 | D:6      | Found a blossoming altar of Fedhas.
  3966 | D:6      | Reached XP level 8. HP: 41/41 MP: 21/23
  3999 | D:6      | Offered knowledge of Scorch by Vehumet.
  4005 | D:6      | Learned a level 2 spell: Scorch
  4018 | D:6      | Killed Blork the orc
  4018 | D:6      | Reached ** piety under Vehumet
  4050 | D:6      | Noticed Pikel
  4073 | D:7      | Found a runed translucent door.
  4074 | D:7      | Noticed Crazy Yiuf
  4081 | D:7      | Killed Crazy Yiuf
  4132 | D:7      | Reached skill level 5 in Necromancy
  4132 | D:7      | Reached skill level 1 in Fire Magic
  4177 | D:7      | Reached skill level 10 in Spellcasting
  4208 | D:7      | Noticed Menkaure
  4212 | D:7      | Killed Menkaure
  4213 | D:7      | Reached skill level 1 in Throwing
  4445 | D:4      | Found a glowing golden altar of the Shining One.
  4468 | D:4      | Reached skill level 11 in Spellcasting
  4612 | D:4      | Offered knowledge of Dazzling Flash by Vehumet.
  5127 | D:7      | Reached XP level 9. HP: 45/45 MP: 21/26
  5400 | D:7      | Killed Pikel
  5401 | D:7      | Reached skill level 5 in Dodging
  5553 | D:7      | Reached skill level 12 in Spellcasting
  5560 | D:7      | Reached *** piety under Vehumet
  5599 | D:7      | Noticed Joseph
  5696 | D:8      | Reached skill level 1 in Poison Magic
  5933 | D:8      | Reached skill level 5 in Fire Magic
  5979 | D:8      | Reached skill level 1 in Transmutations
  5982 | D:8      | Offered knowledge of Airstrike by Vehumet.
  5997 | D:7      | Learned a level 4 spell: Airstrike
  6094 | D:8      | Noticed a two-headed ogre
  6153 | D:8      | Found a transporter.
  6154 | D:8      | Found a transporter.
  6155 | D:8      | Found a transporter.
  6156 | D:8      | Found a transporter.
  6208 | D:8      | Found a hide-covered altar of Uskayaw.
  6344 | D:8      | Killed a two-headed ogre
  6345 | D:8      | Reached skill level 13 in Spellcasting
  6345 | D:8      | Reached skill level 1 in Air Magic
  6458 | D:8      | Reached XP level 10. HP: 50/50 MP: 25/29
  6467 | D:8      | Reached **** piety under Vehumet
  6827 | D:9      | Noticed a two-headed ogre
  6884 | D:9      | Found a flagged portal.
  6901 | Bailey   | Entered a bailey
  7005 | Bailey   | Offered knowledge of Fulminant Prism by Vehumet.
  7028 | Bailey   | Learned a level 4 spell: Fulminant Prism
  7077 | Bailey   | Identified the +2 bardiche of Puhoisos {heavy, rElec
                  | Stlth+}
  7081 | Bailey   | Noticed an orc knight
  7081 | Bailey   | Noticed an orc knight
  7166 | Bailey   | Killed an orc knight
  7167 | Bailey   | Reached skill level 1 in Hexes
  7171 | Bailey   | Killed an orc knight
  7573 | D:9      | Reached skill level 1 in Fighting
  7573 | D:9      | Reached skill level 14 in Spellcasting
  7698 | D:9      | Found a sparkling altar of Nemelex Xobeh.
  7773 | D:9      | Killed a two-headed ogre
  7972 | D:9      | Noticed Harold
  8012 | D:9      | Noticed a cyclops
  8021 | D:9      | Killed a cyclops
  8075 | D:9      | Reached XP level 11. HP: 57/57 MP: 25/31
  8190 | D:10     | Entered Level 10 of the Dungeon
  8222 | D:10     | Found a staircase to the Orcish Mines.
  8232 | Orc:1    | Entered Level 1 of the Orcish Mines
  8235 | Orc:1    | Noticed an orc knight
  8247 | D:10     | Reached skill level 15 in Spellcasting
  8342 | Orc:1    | Killed an orc knight
  8716 | D:2      | Bought the ring of the Mage {Wiz Archmagi} for 714 gold
                  | pieces
  8716 | D:2      | Found the ring of the Mage {Wiz Archmagi}
  9164 | D:10     | You fall into a shaft and drop 2 floors!
  9194 | D:12     | Learned a level 2 spell: Wereblood
  9258 | D:12     | Noticed a red ugly thing
  9345 | D:12     | Learned a level 5 spell: Fireball
  9462 | D:12     | Learned a level 3 spell: Mephitic Cloud
  9468 | D:12     | Learned a level 5 spell: Freezing Cloud
  9471 | D:12     | Learned a level 2 spell: Poisonous Vapours
  9736 | D:12     | Found a portal to a secret trove of treasure.
  9747 | D:12     | Reached skill level 1 in Ice Magic
  9834 | D:12     | Killed a red ugly thing
 10158 | D:11     | Reached ***** piety under Vehumet
 10166 | D:11     | Got Simple Magic
 10180 | D:11     | Offered knowledge of Flame Wave by Vehumet.
 10180 | D:11     | Noticed Lodul
 10187 | D:11     | Killed Lodul
 10224 | D:11     | Found Fagafuf's Pet Rocks.
 10309 | D:11     | Reached skill level 16 in Spellcasting
 10339 | D:11     | Reached XP level 12. HP: 26/66 MP: 17/34
 10485 | D:11     | Found a staircase to the Lair.
 10491 | D:11     | Noticed Psyche
 10494 | D:11     | Killed Psyche
 10799 | D:10     | Found a sacrificial altar of Ru.
 11112 | D:11     | Noticed a two-headed ogre
 11119 | D:11     | Killed a two-headed ogre
 11547 | Trove    | Entered a treasure trove
 11556 | Trove    | Identified the ring of Akemeir {Fire Str+4}
 11569 | Trove    | Identified the ring of Descent {rPois rC+ Int+5 Stlth-}
 11581 | Trove    | Identified the +3 ring mail "Poady" {+Inv rF+ Dex+2 Slay-4}
 11648 | Lair:1   | Entered Level 1 of the Lair of Beasts
 11738 | Lair:1   | Reached skill level 5 in Fighting
 11857 | Lair:1   | Reached skill level 17 in Spellcasting
 11917 | Lair:1   | Reached skill level 1 in Armour
 13110 | D:2      | Bought the ring of Greed {rElec rPois rN+ AC+4 Str-2} for
                  | 758 gold pieces
 13316 | D:7      | Killed Joseph
 13450 | D:9      | Killed Harold
 13451 | D:9      | Reached XP level 13. HP: 60/73 MP: 27/36
 13806 | Lair:2   | Found a transporter.
 13808 | Lair:2   | Found a transporter.
 13860 | Lair:2   | Found a staircase to the Shoals.
 14023 | Lair:3   | Reached skill level 5 in Ice Magic
 14160 | Lair:3   | Reached skill level 18 in Spellcasting
 14242 | Lair:3   | Reached skill level 5 in Air Magic
 14326 | Lair:3   | Found a hole to the Spider Nest.
 14398 | Lair:3   | Identified the +3 leather armour of Okawaru's Inspiration
                  | {Str+4}
 14608 | Lair:3   | Reached skill level 10 in Necromancy
 14608 | Lair:3   | Reached skill level 5 in Poison Magic
 15155 | Lair:4   | Learned a level 4 spell: Sticky Flame
 15444 | Lair:4   | Noticed Rupert
 15606 | Lair:4   | Killed Rupert
 15708 | Lair:5   | Entered Level 5 of the Lair of Beasts
 15761 | Lair:5   | Reached skill level 1 in Earth Magic
 15789 | Lair:5   | Reached XP level 14. HP: 78/80 MP: 11/38
 15992 | Lair:5   | Reached skill level 19 in Spellcasting
 16136 | Lair:5   | Found a viscous altar of Jiyva.
 16136 | Lair:5   | Found a staircase to the Slime Pits.
 16246 | Lair:5   | Found a runed translucent door.
 16294 | Lair:5   | Reached skill level 10 in Dodging
 16301 | Lair:5   | Paralysed by a hornet for 1 turns
 16827 | Lair:5   | Got Utragud's Papyrus of the Inquisitive Olives
 17045 | Orc:2    | Entered Level 2 of the Orcish Mines
 17318 | Orc:2    | Noticed an orc warlord
 17326 | Orc:2    | Found a staircase to the Elven Halls.
 17337 | Orc:2    | Killed an orc warlord
 17337 | Orc:2    | Offered knowledge of Iskenderun's Battlesphere by Vehumet.
 17573 | Orc:2    | Found Roezostra's General Store.
 17577 | Orc:2    | Found Bamnuus's General Store.
 17586 | Orc:2    | Noticed Azrael
 17600 | Orc:2    | Killed Azrael
 17826 | Orc:2    | Reached skill level 20 in Spellcasting
 17912 | Orc:2    | Found Huzal's Antique Armour Boutique.
 17912 | Orc:2    | Found Jyohez's Book Shop.
 17913 | Orc:2    | Found a one-way gate leading to the halls of Pandemonium.
 17915 | Orc:2    | Bought a runed helmet for 270 gold pieces
 17934 | Orc:2    | Paralysed by an orc sorcerer for 2 turns
 17940 | Orc:2    | Bought a Young Poisoner's Handbook for 300 gold pieces
 17945 | Orc:2    | Learned a level 4 spell: Olgreb's Toxic Radiance
 18031 | Orc:1    | Noticed an orc warlord
 18036 | Orc:1    | Killed an orc warlord
 18037 | Orc:1    | Reached XP level 15. HP: 88/88 MP: 34/41
 18264 | Elf:1    | Entered Level 1 of the Elven Halls
 18277 | Elf:1    | Offered knowledge of Arcjolt by Vehumet.
 18462 | Elf:1    | Noticed a deep elf sorcerer
 18465 | Elf:1    | Killed a deep elf sorcerer
 18643 | Elf:1    | Learned a level 3 spell: Frozen Ramparts
 19432 | Spider:1 | Entered Level 1 of the Spider Nest
 19526 | Spider:1 | Identified the +1 pair of boots of Piysunuo {Str+3}
 19703 | Spider:1 | Reached skill level 5 in Earth Magic
 19813 | Spider:1 | Reached skill level 5 in Armour
 19814 | Spider:1 | Reached skill level 21 in Spellcasting
 20223 | Spider:2 | Reached skill level 1 in Long Blades
 20537 | Spider:2 | Acquired 1209 gold pieces
 20539 | Spider:2 | Acquired 934 gold pieces
 20541 | Spider:2 | Acquired the Book of Evolution and the Welkin
 20549 | Spider:2 | Learned a level 5 spell: Irradiate
 20811 | D:2      | Bought a ring of see invisible for 210 gold pieces
 21225 | Spider:3 | Noticed an emperor scorpion
 21249 | Spider:3 | Killed an emperor scorpion
 21648 | Spider:3 | Offered knowledge of Lee's Rapid Deconstruction by Vehumet.
 21649 | Spider:3 | Reached XP level 16. HP: 96/96 MP: 43/43
 21661 | Spider:3 | Learned a level 5 spell: Lee's Rapid Deconstruction
 22324 | Spider:4 | Entered Level 4 of the Spider Nest
 22324 | Spider:4 | Noticed Mara
 22392 | Spider:4 | Noticed Esekla's illusion
 22399 | Spider:4 | Noticed Esekla's illusion
 22407 | Spider:4 | Noticed Esekla's illusion
 22556 | Spider:4 | Noticed Esekla's illusion
 22798 | Spider:4 | Noticed Esekla's illusion
 22803 | Spider:4 | Killed Mara
 22803 | Spider:4 | HP: 2/96 [something (12)]
 23107 | Spider:4 | Reached skill level 5 in Conjurations
 23325 | Spider:4 | Reached skill level 22 in Spellcasting
 23665 | Spider:4 | Got a gossamer rune of Zot
 23900 | Shoals:1 | Entered Level 1 of the Shoals
 23905 | Shoals:1 | Reached skill level 5 in Translocations
 23961 | Shoals:1 | Reached skill level 10 in Fighting
 24283 | Shoals:1 | Offered knowledge of Yara's Violent Unravelling by Vehumet.
 24748 | Shoals:1 | Reached XP level 17. HP: 103/103 MP: 38/45
 24987 | Shoals:2 | Reached skill level 5 in Transmutations
 25140 | Shoals:2 | Found Biskeott's Firing Range.
 25808 | Shoals:3 | Noticed a kraken
 25816 | Shoals:3 | Killed a kraken
 26139 | Shoals:3 | Found Zemonaik's Distillery.
 26159 | Shoals:3 | Bought a potion of heal wounds for 75 gold pieces
 26159 | Shoals:3 | Bought a potion of heal wounds for 75 gold pieces
 26159 | Shoals:3 | Bought 2 potions of heal wounds for 150 gold pieces
 26251 | Shoals:3 | Noticed Ilsuiw
 26258 | Shoals:3 | Killed Ilsuiw
 26259 | Shoals:3 | Reached skill level 23 in Spellcasting
 26311 | Shoals:3 | Offered knowledge of Conjure Ball Lightning by Vehumet.
 26719 | Shoals:2 | Identified the +1 animal skin "Kougi" {rPois rF++ MP+9}
 26743 | Shoals:4 | Entered Level 4 of the Shoals
 26886 | Shoals:4 | Identified the +1 ring mail "Uronn" {rF+ Regen+ Int+3}
 27077 | Shoals:4 | Reached ****** piety under Vehumet
 27179 | Shoals:4 | Noticed a kraken
 27191 | Shoals:4 | Killed a kraken
 27420 | Shoals:4 | Offered knowledge of Orb of Destruction by Vehumet.
 27464 | Shoals:3 | Learned a level 7 spell: Orb of Destruction
 27582 | Shoals:4 | Reached XP level 18. HP: 90/110 MP: 36/47
 27585 | Shoals:4 | Reached skill level 24 in Spellcasting
 27611 | Shoals:4 | Got Cuuv Rytt's Atlas of Hot Beguiling
 27611 | Shoals:4 | Got a barnacled rune of Zot
 27662 | Shoals:4 | Identified the ring "Pileq" {Ice Str+4 Dex+3 Slay+2}
 28499 | D:13     | Found a gate to the Vaults.
 29021 | Vaults:1 | Entered Level 1 of the Vaults
 29101 | Vaults:1 | Offered knowledge of Shatter by Vehumet.
 29101 | Vaults:1 | Offered knowledge of Chain Lightning by Vehumet.
 29101 | Vaults:1 | Offered knowledge of Polar Vortex by Vehumet.
 29248 | Vaults:1 | Identified the +9 arbalest of Xom's Indignation {penet,
                  | Dex+4 Stlth+}
 29413 | Vaults:1 | Found Emogyl Osee's Armour Boutique.
 30122 | D:4      | Bought the +8 arc blade {discharge, rElec} for 1740 gold
                  | pieces
 30122 | D:4      | Found the +8 arc blade {discharge, rElec}
 30556 | Vaults:2 | Reached skill level 25 in Spellcasting
 30725 | Vaults:2 | Found a flickering gateway to a bazaar.
 30758 | Bazaar   | Entered a bazaar
 30776 | Bazaar   | Found Huts's Armour Emporium.
 30776 | Bazaar   | Found Fuoqy's Distillery.
 30780 | Bazaar   | Bought a potion of curing for 21 gold pieces
 30780 | Bazaar   | Bought a potion of mutation for 56 gold pieces
 30786 | Bazaar   | Bought a +1 cloak of stealth for 181 gold pieces
 30807 | Bazaar   | Found Luehida's Magic Scroll Shoppe.
 30811 | Bazaar   | Bought a scroll of blinking for 82 gold pieces
 30823 | Bazaar   | Found Subykus's Antique Weapon Emporium.
 30823 | Bazaar   | Found Zefiutze's Weapon Shoppe.
 30827 | Bazaar   | Bought the +8 Vampire's Tooth {megavamp} for 540 gold
                  | pieces
 30827 | Bazaar   | Found the +8 Vampire's Tooth {megavamp}
 30833 | Bazaar   | Bought a glowing long sword for 175 gold pieces
 30850 | Bazaar   | Found Gopir's Armour Shoppe.
 30854 | Bazaar   | Bought the +0 mask of the Dragon {Will+ Slay+3 SInv} for
                  | 367 gold pieces
 30854 | Bazaar   | Found the +0 mask of the Dragon {Will+ Slay+3 SInv}
 30912 | Vaults:2 | HP: 1/112 [vampire knight/+0 war axe (28)]
 31366 | Vaults:2 | Reached XP level 19. HP: 116/116 MP: 43/50
 31788 | Vaults:2 | Learned a level 4 spell: Dispel Undead
 32123 | Vaults:2 | Found a staircase to the Crypt.
 32159 | Vaults:2 | Reached skill level 10 in Air Magic
 32308 | Vaults:2 | Reached skill level 26 in Spellcasting
 32742 | Crypt:1  | Entered Level 1 of the Crypt
 32813 | Crypt:1  | Reached skill level 10 in Earth Magic
 33260 | Crypt:1  | Paralysed by something for 3 turns
 33264 | Crypt:1  | HP: 4/116 [vampire knight/+0 battleaxe (10)]
 33268 | Crypt:1  | Paralysed by something for 2 turns
 33285 | Crypt:1  | Paralysed by a vampire knight for 5 turns
 33287 | Crypt:1  | Demolished by a vampire knight

Illustrated notes

Levels and vault maps discovered:
D:1:      sevenhm_arrival_forest_fort_small_3, layout_rooms,
          chequers_serial_rivers_room_b, minmay_misc_feat_five
D:2:      layout_loops_ring, dreamdust_ecumenical_altar_angels_and_demons,
          serial_shops, shop
D:3:      layout_basic, grunt_temple_overflow_open, minmay_misc_feat_iff
D:4:      layout_basic, nicolae_overflow_quartered_altars, serial_shops,
          nicolae_diamond_shop
D:5:      layout_loops_ring, lemuel_doored_altar, minmay_misc_feat_rows,
          dreamdust_wishing_well
D:6:      layout_loops_cross, fedhas_altar_fruit_tree,
          minmay_temple_entry_glass, uniq_pikel, uniq_blork_the_orc
D:7:      layout_basic, uniq_menkaure, uniq_joseph, uniq_crazy_yiuf_cottage
D:8:      layout_basic, nicolae_uskayaw_dance_hall, serial_demonic,
          serial_demonic_d, serial_demonic_a, serial_demonic_c,
          serial_demonic_c, nicolae_diode_quadrants
D:9:      layout_irregular_city, kennysheep_little_box, enter_bailey_4,
          minmay_between, uniq_harold
D:10:     layout_basic, nicolae_ru_awakened_eye
D:11:     layout_rooms, hellmonk_lair_entry_icy, serial_ice, serial_ice_j,
          serial_ice_m, serial_ice_o, serial_ice_c, serial_ice_g, serial_ice_f,
          guppyfry_shop_earth, uniq_psyche, uniq_lodul
D:12:     layout_roguey, nicolae_trove_entry_crossroad
D:13:     layout_loops_ring, lightli_vaults_fourway_checkpoint
Lair:1:   layout_small_grid
Lair:2:   gammafunk_boulding_lane, layout_small_grid, elwin_shoals_entry_rooms
Lair:3:   kb_forest_paths, layout_chaotic_city, spider_nest_entry_rubble
Lair:4:   layout_hall_layers, grunt_megastairs_3, lemuel_fruit_fields,
          uniq_rupert
Lair:5:   guppyfry_lair_end_dragon, layout_misc_corridors, wormcave,
          dpeg_slime_entry_enclosed
Shoals:1: layout_shoals, nicolae_shoals_nautilus_by_nature
Shoals:2: argonaut_golden_fleece, layout_shoals, nicolae_shop_firing_range
Shoals:3: layout_shoals, serial_shops, shop, nicolae_shoals_lost_giant_hut,
          uniq_ilsuiw
Shoals:4: shoals_end_hellmonk_lost_city, serial_shops
Spider:1: layout_spider_delve, nicolae_spider_some_kinda_spiderbox
Spider:2: layout_spider_delve, nicolae_spider_twisty_arc_passages
Spider:3: layout_chambers, nicolae_orb_stairs
Spider:4: grunt_spider_rune_circles, guppyfry_hornet_nest, uniq_mara
Orc:1:    layout_caves
Orc:2:    pf_orc_diabolical, layout_diamond_mine, uniq_azrael
Elf:1:    minmay_elf_arrival_plus, layout_loops_cross,
          kennysheep_underground_church
Vaults:1: vaults_dpeg_emergency_exit, nicolae_vaults_ellipses_ellipsis,
          nicolae_vaults_variable_pillar_hall, v_misc_22, v_misc_33,
          nicolae_vaults_closet_pinwheel_3, v_alt_pattern_4, v_alt_pattern_4,
          nicolae_vaults_tetromino_Z_2, nicolae_vaults_taking_the_gang_shopping,
          nicolae_vaults_spaceships, v_misc_33, nicolae_vaults_shelves_hall,
          nicolae_vaults_trapezoid_lopsided_1, nicolae_vaults_little_ls,
          layout_vaults_ring
Vaults:2: ontoclasm_vaults_bender, nicolae_vaults_storage_closets_1, v_misc_9,
          vaults_room_pools, nicolae_vaults_more_shelving_2, v_misc_14,
          vaults_standard_mumra_lines, hangedman_vaults_stream,
          nicolae_vaults_windows_and_doors_thing,
          minmay_crypt_entry_simple_corners, nicolae_vaults_stand_back,
          vaults_dpeg_diagonal, nicolae_vaults_little_squares_5,
          layout_vaults_omnibox, serial_shops, bzr_entry_gold
Vaults:3: nicolae_vaults_three_branches, v_misc_15, vaults_standard_mumra_x,
          v_misc_13, ontoclasm_vaults_loading_screen, nicolae_vaults_tangram_1,
          nicolae_vaults_display_case, vaults_room_ringed_pool,
          nicolae_vaults_octothorpe, vaults_mumra_minichess,
          nicolae_vaults_variable_pillar_hall, v_alt_pattern_6,
          nicolae_vaults_tetromino_L_1, nicolae_vaults_trapezoid_3,
          layout_vaults_big_room, uniq_mennas
Crypt:1:  layout_rooms, grunt_ministairs_11, st_small_mortuary

Skill      XL: |  1  2  3  4  5  6  7  8  9 10 11 12 13 14 15 16 17 18 19 |
---------------+----------------------------------------------------------+-----
Spellcasting   | 5 6 7 8 9 11 13 14 16 17 18 20 21 22 23 25 26 | 26.3
Necromancy     | 1 2 3 4 5 6 7 8 9 10 11 | 11.9
Dodging        | 1 2 3 4 5 6 7 9 10 11 12 13 14 | 14.3
Stealth        | 2 3 4 |  4.6
Conjurations   | 1 2 3 4 5 |  5.9
Short Blades   | 1 2 3 |  3.7
Translocations | 3 4 5 6 |  6.7
Fire Magic     | 2 5 6 7 8 |  8.8
Throwing       | 1 2 |  2.4
Poison Magic   | 1 3 4 6 7 |  7.2
Transmutations | 1 2 3 4 5 6 |  6.5
Air Magic      | 1 3 4 5 6 7 8 9 10 | 10.2
Hexes          | 2 4 |  4.1
Fighting       | 2 3 5 6 8 9 10 11 12 | 12.2
Ice Magic      | 2 4 6 7 8 |  8.6
Armour         | 1 3 4 5 6 7 |  7.0
Shields        | 2 3 |  3.9
Earth Magic    | 2 3 5 6 8 9 10 | 10.1
Long Blades    | 1 2 |  2.0
Invocations    | |  1.0
Evocations     | |  0.6

Action                     |  1- 3 |  4- 6 |  7- 9 | 10-12 | 13-15 | 16-18 | 19-21 || total
---------------------------+-------+-------+-------+-------+-------+-------+-------++-------
  Melee: Short sword       |    13 |       |    21 |       |       |       |       ||    34
         Rapier            |    24 |    47 |    63 |    90 |    74 |    62 |       ||   360
         Scimitar          |       |       |       |     2 |    21 |    32 |       ||    55
         Dagger            |       |       |       |       |     8 |       |       ||     8
         Long sword        |       |       |       |       |       |     8 |    57 ||    65
         Demon blade       |       |       |       |       |       |     3 |       ||     3
  Throw: Dart              |       |    13 |    34 |    50 |       |       |       ||    97
         Boomerang         |       |       |       |       |     1 |     8 |     6 ||    15
         Javelin           |       |       |       |       |       |     6 |       ||     6
   Cast: Apportation       |    30 |    30 |    21 |    81 |    61 |    58 |    12 ||   293
         Magic Dart        |    54 |    22 |    43 |     9 |    26 |     1 |       ||   155
         Vampiric Draining |     1 |     8 |    44 |    80 |    20 |    64 |     7 ||   224
         Ignite Poison     |       |     2 |     6 |    65 |   161 |   188 |    33 ||   455
         Blink             |       |     2 |     5 |    25 |    17 |     9 |     7 ||    65
         Scorch            |       |       |   107 |   103 |       |       |       ||   210
         Airstrike         |       |       |     1 |     3 |    22 |    20 |       ||    46
         Poisonous Vapours |       |       |       |   116 |   265 |   240 |    48 ||   669
         Fireball          |       |       |       |    17 |    10 |    10 |    20 ||    57
         Mephitic Cloud    |       |       |       |     9 |    16 |     6 |     3 ||    34
         Fulminant Prism   |       |       |       |     4 |       |       |       ||     4
         Wereblood         |       |       |       |     8 |    19 |    18 |     7 ||    52
         Freezing Cloud    |       |       |       |     7 |    38 |    28 |     3 ||    76
         Sticky Flame      |       |       |       |       |    13 |    53 |    23 ||    89
         Olgreb's Toxic Ra |       |       |       |       |    23 |    60 |    13 ||    96
         Frozen Ramparts   |       |       |       |       |     4 |    43 |     7 ||    54
         Irradiate         |       |       |       |       |     1 |    17 |     1 ||    19
         Lee's Rapid Decon |       |       |       |       |       |     5 |     3 ||     8
         Dispel Undead     |       |       |       |       |       |       |    27 ||    27
         Orb of Destructio |       |       |       |       |       |       |     1 ||     1
  Evoke: Wand              |       |       |     7 |    13 |     1 |       |       ||    21
    Use: Potion            |     1 |       |     1 |     2 |     3 |    12 |     1 ||    20
         Scroll            |     1 |       |       |    17 |    12 |    13 |     2 ||    45
   Stab: Sleeping          |     2 |     5 |     1 |     5 |     4 |     7 |       ||    24
         Confused          |       |       |       |     1 |     1 |       |       ||     2
         Paralysed         |       |       |       |       |     1 |       |       ||     1
 Armour: Robe              |    21 |    17 |    44 |    22 |       |       |       ||   104
         Steam dragon scal |       |       |       |    45 |       |       |       ||    45
         Troll leather arm |       |       |       |     7 |    76 |   157 |       ||   240
         Ring mail         |       |       |       |       |       |   102 |    50 ||   152
  Dodge: Dodged            |    40 |    33 |   107 |   227 |   145 |   372 |    65 ||   989
         Repelled          |       |       |       |       |       |     5 |       ||     5
  Block: Buckler           |     8 |     9 |    29 |    58 |    44 |   177 |    16 ||   341
         Reflection        |       |       |       |       |       |    15 |       ||    15
